AoeStats
← Bandolero

Arena

508706608Analyzed
4v4 RM · 8d ago on Sep 23, 2026· 48m 32s· 8 players
Game mode
Random Map
Map size
Large (8 player)
Population
200
Speed
Normal
Resources
Standard
Victory
Conquest
Starting age
Dark Age
Ending age
Imperial Age
RankedLock teamsTeams togetherTeam positionsShared explorationLock speedFull tech treeHidden civsTurbo modeCheats
Victory
Defeat
🇺🇸 Khmer · United States
1721
+11
🇧🇷 Celts · Brazil
1654
+14
🇧🇷 Hindustanis · Brazil
1566
+18
🇵🇹 Danes · Portugal
1460
+22
🇨🇳 Wei · China
1666
-19
🇦🇷 Bohemians · Argentina
1607
-16
🇸🇻 Shu · El Salvador
1605
-16
🇻🇳 Spanish · Vietnam
1540
-14
RohanAoE
10:46 Feudal Age
14:27 Castle Age
12:26 Double-Bit Axe
12:32 Horse Collar
16:53 Bow Saw
20:11 Wheelbarrow
21:26 Hand Cart
22:54 Loom
27:29 Imperial Age
25:34 Scale Mail Armor
25:11 Pikeman
26:22 Heavy Plow
26:32 Squires
26:21 Arson
27:38 Halberdier
28:53 Chain Mail Armor
30:01 Conscription
30:09 Capped Ram
32:46 Siege Engineers
33:20 Forging
35:02 Plate Mail Armor
34:25 Fletching
35:03 Bolt Magazine
35:05 Coiled Serpent Array
37:35 Scale Barding Armor
37:26 Bodkin Arrow
37:44 Heated Shot
39:24 Bracer
40:26 Hoardings
39:49 Siege Ram
Bandolero
10:58 Feudal Age
15:30 Castle Age
14:01 Double-Bit Axe
16:34 Bow Saw
16:09 Horse Collar
17:25 Fervor
20:32 Wheelbarrow
22:21 Town Watch
28:55 Imperial Age
26:31 Scale Mail Armor
27:01 Forging
28:01 Chain Mail Armor
28:50 Chemistry
27:53 Pikeman
28:36 Squires
30:06 Iron Casting
30:11 Conscription
29:33 Halberdier
31:08 Plate Mail Armor
32:11 Blast Furnace
32:45 Fletching
39:59 Two-Man Saw
39:03 Houfnice
40:34 Heavy Scorpion
44:19 Padded Archer Armor
44:14 Bodkin Arrow
44:57 Onager
luanb10
10:42 Feudal Age
14:17 Castle Age
12:58 Double-Bit Axe
21:38 Padded Archer Armor
27:38 Wheelbarrow
28:18 Bow Saw
31:13 Hand Cart
38:26 Imperial Age
39:29 Conscription
40:11 Chemistry
39:03 Fletching
39:28 Leather Archer Armor
40:33 Hoardings
40:13 Masonry
40:24 Ballistics
40:00 Bodkin Arrow
41:09 Scale Mail Armor
40:31 Pikeman
43:09 Bracer
78088344
10:30 Feudal Age
10:50 Feudal Age
14:30 Castle Age
12:20 Double-Bit Axe
12:40 Horse Collar
14:04 Gold Mining
16:27 Bow Saw
21:17 Wheelbarrow
21:29 Loom
21:49 Fletching
24:57 Hand Cart
24:47 Heavy Plow
29:10 Imperial Age
27:20 Thumb Ring
27:12 Bodkin Arrow
27:19 Padded Archer Armor
28:18 Padded Archer Armor
28:27 Husbandry
28:38 Bloodlines
29:07 Gold Shaft Mining
29:21 Ballistics
29:47 Leather Archer Armor
29:40 Stone Mining
30:08 Bracer
31:10 Chemistry
32:34 Conscription
33:27 Ring Archer Armor
33:40 Parthian Tactics
34:45 Light Cavalry
35:32 Scale Barding Armor
35:38 Forging
35:48 Fortified Wall
36:41 Chain Barding Armor
36:55 Ming Guang Armor
37:32 Hussar
38:48 Iron Casting
38:00 Treadmill Crane
38:31 Masonry
39:31 Stone Shaft Mining
44:28 Hoardings
46:38 Blast Furnace
[LCDR] Alone
10:22 Feudal Age
14:22 Castle Age
12:39 Double-Bit Axe
13:30 Horse Collar
15:38 Bow Saw
15:56 Loom
29:56 Imperial Age
30:17 Heavy Scorpion
32:13 Capped Ram
35:05 Scale Mail Armor
35:16 Forging
36:56 Wheelbarrow
38:01 Chain Mail Armor
38:20 Siege Engineers
39:14 Plate Mail Armor
40:38 Chemistry
40:14 Iron Casting
39:24 Siege Ram
40:51 Furor Celtica
41:02 Conscription
43:43 Blast Furnace
45:15 Ballistics
45:58 Hoardings
44:52 Elite Woad Raider
Savitar_pt
10:38 Feudal Age
12:46 Loom
15:30 Castle Age
14:47 Double-Bit Axe
15:31 Town Watch
15:28 Horse Collar
21:59 Scale Mail Armor
26:43 Forging
33:51 Iron Casting
33:29 Bow Saw
37:40 Imperial Age
35:25 Squires
35:10 Arson
36:12 Wheelbarrow
35:42 Heavy Plow
37:49 Chain Mail Armor
37:50 Hamask
37:56 Elite Varangian Guard
39:10 Plate Mail Armor
39:39 Iron Casting
39:54 Conscription
46:09 Hand Cart
SS_Guxta
11:46 Feudal Age
14:29 Castle Age
12:33 Double-Bit Axe
12:41 Horse Collar
15:57 Loom
21:32 Bow Saw
21:22 Heavy Plow
23:00 Wheelbarrow
27:44 Imperial Age
26:17 Ballistics
26:20 Gold Mining
26:31 Town Watch
27:46 Gold Shaft Mining
28:36 Masonry
29:28 Double Crossbow
29:34 Double Crossbow
30:16 Capped Ram
32:32 Heavy Scorpion
34:35 Chemistry
35:37 Architecture
34:58 Stone Mining
34:42 Siege Ram
36:09 Fletching
36:25 Siege Engineers
37:27 Coinage
44:15 Banking
48:25 Hoardings
[LCDR] Chorobura
9:44 Feudal Age
14:13 Castle Age
12:40 Double-Bit Axe
12:39 Horse Collar
15:52 Bow Saw
20:41 Wheelbarrow
21:33 Town Watch
22:10 Hand Cart
26:21 Imperial Age
24:00 Loom
24:38 Scale Barding Armor
24:44 Forging
25:02 Bloodlines
25:05 Husbandry
26:28 Chain Barding Armor
26:05 Gold Mining
26:15 Stone Mining
26:43 Heavy Camel Rider
29:16 Plate Barding Armor
30:34 Iron Casting
32:52 Blast Furnace
32:29 Fletching
33:02 Padded Archer Armor
33:49 Heavy Plow
34:40 Bodkin Arrow
34:22 Imperial Camel Rider
35:28 Ballistics
35:36 Bracer
35:55 Leather Archer Armor
38:08 Ring Archer Armor
39:36 Chemistry
38:45 Thumb Ring
44:50 Light Cavalry
46:24 Shatagni
45:55 Hussar
46:53 Grand Trunk Road
47:13 Conscription
Connection lost

Rejoining the realm…

Still unreachable

The connection could not be restored.

Session expired

The server has moved on; the page needs a fresh start.